 Dungeon Crawl Stone Soup version 0.19.0-11-g3fc08b3 (console) character file.

1834 nht the Slicer (level 9, -3/61 HPs)
             Began as a Merfolk Assassin on Nov 8, 2016.
             Was an Initiate of Trog.
             Slain by a black bear (9 damage)
             ... on level 7 of the Dungeon.
             The game lasted 00:14:50 (5045 turns).

nht the Slicer (Merfolk Assassin)                   Turns: 5045, Time: 00:14:51

Health: -3/61      AC:  5    Str: 11    XL:     9   Next: 11%
Magic:  9/9        EV: 12    Int: 11    God:    Trog [......]
Gold:   335        SH:  0    Dex: 18    Spells: 0 memorised, 8 levels left

rFire  . . .     SeeInvis .     a - +3 short sword
rCold  . . .     Gourm    .     c - +0 robe
rNeg   . . .     Faith    .     (no shield)
rPois  .         Spirit   .     (no helmet)
rElec  .         Reflect  .     l - +2 cloak
rCorr  .         Harm     .     (no gloves)
MR     .....                    (no boots)
Stlth  +++.......               (no amulet)
                                (no ring)
                                (no ring)

@: hasted, very quick
A: change form in water, swift swim, stealthy swim
a: Burn Spellbooks, Renounce Religion


You were on level 7 of the Dungeon.
You worshipped Trog.
Trog was noncommittal.
You were not hungry.

You visited 2 branches of the dungeon, and saw 8 of its levels.

You collected 335 gold pieces.

Inventory:

Hand Weapons
 a - a +3 short sword (weapon)
 b - a +0 blowgun
 C - a +0 long sword
Missiles
 e - 51 poisoned needles
 t - 2 curare-tipped needles
 y - 4 tomahawks of returning (quivered)
Armour
 c - a +0 robe (worn)
 l - a +2 cloak (worn)
Wands
 m - a wand of lightning (2/15)
 p - a wand of iceblast (4/15)
 B - a wand of confusion (31/48)
Scrolls
 j - 3 scrolls of teleportation
 n - 2 scrolls of recharging
Potions
 d - 5 potions of lignification {unknown}
 h - 2 potions of agility
 q - a potion of cure mutation
 r - 4 potions of heal wounds
 u - 2 potions of resistance
 A - 3 potions of curing {unknown}
Comestibles
 f - 4 chunks of flesh
 g - 2 bread rations
 k - 2 slices of pizza
 o - 2 beef jerkies
 v - 2 meat rations


   Skills:
 - Level 2.1 Fighting
 - Level 12.0 Short Blades
 + Level 5.7 Throwing
 - Level 1.3 Dodging
 - Level 4.3 Stealth


You had 8 spell levels left.
You didn't know any spells.

Dungeon Overview and Level Annotations

Branches:
Dungeon (7/15)             Temple (1/1) D:6

Altars:
Ashenzari
Cheibriados
Dithmenos
Elyvilon
Fedhas
Gozag
Hepliaklqana
Kikubaaqudgha
Makhleb
Nemelex Xobeh
Okawaru
Qazlal
Ru
Sif Muna
Trog
Uskayaw
Vehumet
Xom
Yredelemnul
Zin
The Shining One

Shops:
D:7 %

Annotations:
D:6 hydra


Message History

The black bear bites you. The black bear claws you. x2
You hit the black bear.
The black bear is almost dead.
You hit the black bear.
The black bear is almost dead.
The black bear misses you. The black bear claws you. x2
You hit the black bear.
The black bear is almost dead.
The black bear barely misses you. The black bear claws you. x2
It was a potion of cure mutation.
It has a very clean taste.
The black bear bites you!
* * * LOW HITPOINT WARNING * * *
The black bear barely misses you.
The black bear claws you but does no damage.
It was a potion of haste.
You feel yourself speed up. The black bear bites you.
* * * LOW HITPOINT WARNING * * *
The black bear claws you.
* * * LOW HITPOINT WARNING * * *
The black bear closely misses you. The black bear bites you!
You die... █████████

█..."...█ █..@..█.█
███████████████.h....█
................██.███
.██████████.∩█.....█
.█ ██%█...█.█ .█
█......... .█
███.█.███ █ .█ █.█.█
.█ █.█..


You could see a black bear (berserk).

Vanquished Creatures
  6 yaks (D:4)
  Edmund (D:6)
  A phantom (D:3)
  A centaur (D:4)
  A bullfrog (D:6)
  A water moccasin skeleton (D:5)
  A howler monkey (D:6)
  A crimson imp (D:6)
  A jelly (D:6)
  2 orc priests
  A hound (D:5)
  2 orc wizards
  A bullfrog skeleton (D:6)
  2 iguanas
  4 worker ants (D:4)
  A killer bee zombie (D:5)
  A worker ant zombie (D:7)
  4 adders
  2 oozes
  A worm (D:4)
  3 dart slugs
  5 leopard geckos
  9 orcs
  A ball python (D:2)
  4 giant cockroaches
  7 hobgoblins
  6 kobolds
  A quokka (D:4)
  9 bats
  3 frilled lizards
  5 goblins
  A leopard gecko skeleton (D:4)
  A leopard gecko zombie (D:5)
  6 rats
96 creatures vanquished.

Notes
Turn   | Place    | Note
-------+----------+-------------------------------------------
     0 | D:1      | nht the Merfolk Assassin began the quest for the Orb.
     0 | D:1      | Reached XP level 1. HP: 16/16 MP: 1/1
    22 | D:1      | Reached skill level 3 in Short Blades
    73 | D:1      | Reached XP level 2. HP: 20/22 MP: 2/2
   146 | D:1      | Reached skill level 4 in Short Blades
   183 | D:1      | Reached XP level 3. HP: 17/27 MP: 3/3
  1068 | D:2      | Reached skill level 5 in Short Blades
  1200 | D:2      | Reached XP level 4. HP: 33/33 MP: 4/4
  1800 | D:3      | Noticed a phantom
  1813 | D:3      | Killed a phantom
  1813 | D:3      | Reached skill level 6 in Short Blades
  1813 | D:3      | Reached XP level 5. HP: 29/38 MP: 5/5
  2145 | D:4      | Reached skill level 7 in Short Blades
  2224 | D:4      | Reached XP level 6. HP: 18/44 MP: 6/6
  2589 | D:4      | Reached skill level 8 in Short Blades
  3300 | D:4      | Reached XP level 7. HP: 21/50 MP: 7/7
  3571 | D:4      | Noticed a yak
  3575 | D:4      | Noticed a yak
  3576 | D:4      | Noticed a yak
  3583 | D:4      | Noticed a yak
  3583 | D:4      | Noticed a yak
  3589 | D:4      | Noticed a yak
  3626 | D:4      | Killed a yak
  3626 | D:4      | Reached skill level 9 in Short Blades
  3668 | D:4      | Killed a yak
  3668 | D:4      | Reached skill level 10 in Short Blades
  3693 | D:4      | Killed a yak
  3693 | D:4      | Reached XP level 8. HP: 44/56 MP: 8/8
  3695 | D:4      | Killed a yak
  3695 | D:4      | Reached skill level 11 in Short Blades
  3695 | D:4      | Killed a yak
  3729 | D:4      | Killed a yak
  3729 | D:4      | Reached skill level 12 in Short Blades
  3831 | D:5      | Entered Level 5 of the Dungeon
  4082 | D:5      | Found a blossoming altar of Fedhas.
  4527 | D:6      | Noticed Edmund
  4545 | D:6      | Killed Edmund
  4636 | D:6      | Found a staircase to the Ecumenical Temple.
  4643 | Temple   | Entered the Ecumenical Temple
  4756 | Temple   | Became a worshipper of Trog the Wrathful
  4833 | D:6      | Reached XP level 9. HP: 38/61 MP: 9/9
  4859 | D:6      | Reached skill level 5 in Throwing
  4975 | D:6      | Noticed a four-headed hydra
  5015 | D:7      | Found Nept's Food Emporium.
  5045 | D:7      | Slain by a black bear

Skill      XL: |  1  2  3  4  5  6  7  8  9 |
---------------+----------------------------+-----
Short Blades   | 3 4 5 6 7 8 10 12 | 12.0
Throwing       | 4 5 |  5.7
Fighting       | |  2.1
Dodging        | |  1.3
Stealth        | |  4.3

Action                   |  1- 3 |  4- 6 |  7- 9 || total
-------------------------+-------+-------+-------++-------
Melee: Dagger            |    91 |    22 |       ||   113
       Short sword       |       |   130 |   108 ||   238
 Fire: Blowgun           |       |       |    43 ||    43
Throw: Tomahawk          |       |     1 |     4 ||     5
Evoke: Wand              |       |       |     5 ||     5
  Use: Potion            |       |     2 |     3 ||     5
       Scroll            |       |    11 |     6 ||    17
 Stab: Sleeping          |     5 |     7 |     4 ||    16
       Invisible         |       |     2 |       ||     2
  Eat: Chunk             |       |     7 |     6 ||    13
Armor: Robe              |    11 |    28 |    17 ||    56
Dodge: Dodged            |    23 |    79 |    35 ||   137
